 Dungeon Crawl Stone Soup version 0.31-a0-161-gb58dd9be76 (webtiles) character file.

Game seed: 8154889914419862100

1094 avis the Caller (level 8, -1/37 HPs)
             Began as a Felid Summoner on June 11, 2023.
             Was an Initiate of Gozag.
             Slain by a vampire mosquito (4 damage)
             ... on level 7 of the Dungeon on June 12, 2023.
             The game lasted 01:27:41 (8961 turns).

avis the Caller (Felid Summoner)                    Turns: 8961, Time: 01:27:42

Health: -1/37      AC:  2    Str:  4    XL:     8   Next: 9%
Magic:  13/18      EV: 20    Int: 21    God:    Gozag
Gold:   351        SH:  0    Dex: 16    Spells: 4/19 levels left
                                        Lives:  0   Deaths: 2

rFire   . .          .
                       - Unarmed
rCold   . . .        (shield unavailable)
rNeg    . . .        (body armour unavailable)
rPois   .            (helmet unavailable)
rElec   .            (cloak unavailable)
rCorr   .            (gloves unavailable)
SInv    +            (boots unavailable)
Will    +....        o - amulet of faith
Stlth   ++           (no ring)
HPRegen 0.26/turn    (no ring)
MPRegen 0.16/turn

%: faith
@: quick
A: very small, claws 1, fangs 3, see invisible, speed 1, shaggy fur 2, stealthy
paws, no weapons or thrown items, no armour, multi-lived
a: Renounce Religion, Potion Petition, Call Merchant, Bribe Branch


You were on level 7 of the Dungeon.
You worshipped Gozag.
Gozag was aware of your devotion.
You visited 2 branches of the dungeon, and saw 8 of its levels.

You collected 461 gold pieces.
You paid 110 gold pieces to Gozag.

Inventory:

Jewellery
 o - an amulet of faith (around neck)
Wands
 n - a wand of iceblast (14)
Scrolls
 b - a scroll of enchant weapon {unknown}
 c - a scroll of summoning {unknown}
 e - 3 scrolls of teleportation
 f - a scroll of torment {unknown}
 g - a scroll of noise {unknown}
 h - 3 scrolls of immolation {unknown}
 k - 2 scrolls of fog {unknown}
 l - a scroll of enchant armour {unknown}
Potions
 a - a potion of magic
 i - a potion of brilliance
 j - 2 potions of curing
 m - 2 potions of attraction
 p - a potion of enlightenment {unknown}
 q - a potion of berserk rage {unknown}


   Skills:
 + Level 5.5 Fighting
 + Level 6.5 Dodging
 - Level 3.0 Stealth
 - Level 1.0 Unarmed Combat
 + Level 6.2 Spellcasting
 - Level 5.0 Hexes
 + Level 6.5 Summonings
 + Level 2.9 Translocations
 * Level 4.7 Air Magic


You had 4 spell levels left.
You knew the following spells:

 Your Spells              Type           Power      Damage    Failure   Level
a - Summon Small Mammal   Summ           100%       N/A       1%          1
b - Blink                 Tloc           36%        N/A       4%          2
c - Call Imp              Summ           66%        N/A       1%          2
d - Call Canine Familiar  Summ           33%        N/A       1%          3
g - Summon Guardian Gole  Hex/Summ       30%        N/A       2%          3
l - Summon Lightning Spi  Summ/Air       30%        N/A       10%         4

Your spell library contained the following spells:

 Spells                   Type           Power      Damage    Failure   Level
 Apportation              Tloc           36%        N/A       3%          1
 Poisonous Vapours        Pois/Air       32%        N/A       5%          2
 Necrotise                Necr           24%        1d5       10%         1
 Sting                    Tmut/Pois      24%        1d4       10%         1
 Cause Fear               Hex            13%        N/A       12%         4
 Mephitic Cloud           Conj/Pois/Air  13%        N/A       16%         3
 Manifold Assault         Tloc           18%        N/A       28%         4
 Anguish                  Hex/Necr       8%         N/A       34%         4
 Olgreb's Toxic Radiance  Pois           6%         N/A       67%         4
 Freezing Cloud           Conj/Ice/Air   6%         6-21      80%         5
 Enfeeble                 Hex            13%        N/A       100%        7
 Orb of Destruction       Conj           3%         9d5       100%        7
 Spellforged Servitor     Conj/Summ      10%        N/A       100%        7
 Storm Form               Tmut/Air       8%         N/A       100%        7


Dungeon Overview and Level Annotations

Branches:
Dungeon (7/15)             Temple (1/1) D:6

Altars:
Ashenzari
Cheibriados
Dithmenos
Fedhas
Gozag
Hepliaklqana
Kikubaaqudgha
Okawaru
Qazlal
Ru
Sif Muna
Trog
Uskayaw
Vehumet
Wu Jian
Xom
Yredelemnul
Zin
The Shining One

Shops:
D:5 =

Annotations:
D:7 Maggie


Innate Abilities, Weirdness & Mutations

You have sharp claws.
You have razor-sharp teeth.
You have supernaturally acute eyesight. (SInv)
You cover ground quickly. (Speed+)
You are covered in thick fur. (AC +2)
Your paws help you pounce on unaware monsters.
You are incapable of wielding weapons or throwing items.
You cannot wear armour.
You gain extra lives every three experience levels.


Message History

The vampire mosquito closely misses you.
The vampire mosquito barely misses you.
The vampire mosquito attacks as you move away!
The vampire mosquito barely misses you.
Things that are here:
a boomerang; a +0 dagger The ice beast barely misses you.
The vampire mosquito completely misses you.
The ice beast hits you. The ice beast freezes you!
* * * LOW HITPOINT WARNING * * *
The vampire mosquito misses you.
The ice beast hits you but does no damage.
Things that are here:
4 stones; a +0 scale mail; a +0 club The vampire mosquito closely misses you.
The vampire mosquito attacks as you move away!
The vampire mosquito misses you.
The vampire mosquito bites your guardian golem but does no damage.
The ice beast hits your guardian golem but does no damage.
The vampire mosquito bites your guardian golem.
The vampire mosquito completely misses your guardian golem.
The ice beast hits your guardian golem.
The ice beast freezes your guardian golem.
Your guardian golem resists.
The vampire mosquito bites your guardian golem but does no damage.
The ice beast hits your guardian golem but does no damage.
The vampire mosquito bites your guardian golem but does no damage.
The ice beast hits your guardian golem but does no damage.
Casting: Summon Guardian Golem (dangerous; 2% risk of failure)
Confirm with . or Enter, or press ? or * to list all spells.
The ice beast hits your guardian golem but does no damage.
Casting: Call Canine Familiar (safe; 1% risk of failure)
Confirm with . or Enter, or press ? or * to list all spells.
A tiny devil pulls itself out of the air.
The vampire mosquito bites you!
* * * LOW HITPOINT WARNING * * *
The vampire mosquito draws strength from your injuries!
The vampire mosquito bites you.
You die...
Your body crumbles into a pile of gold.

....#.#....#......#
###...#.####......#
###...#....<....#
#.#...###....## #.#.....#....#
####.##.+....# #####.####....#
###.....# ##'#### #.......#
#5.@h########
#.......#####.##y.......######+#
#.....#.(.....##9.......$o@9$..#
#############.##.........#######
#.(#Y......... ##..(.........#
####...........#
#.......##.....#
######'###.#.##.###.#


You could see a vampire mosquito (ally target), an ice beast, a friendly
guardian golem (summoned), a friendly hound (summoned, sheltered) and a friendly
cerulean imp (summoned).

Vanquished Creatures
  An orc (D:7)
  An endoplasm (D:3)
  A hobgoblin (D:3)
  A bat (D:6)
4 creatures vanquished.

Vanquished Creatures (collateral kills)
  Grinder (D:6)
  Menkaure (D:6)
  A centaur (D:6)
  3 phantoms
  A kobold brigand (D:3)
  Blork the orc (D:4)
  A bullfrog (D:6)
  4 scorpions
  3 hounds
  A jelly (D:6)
  5 iguanas
  An orc wizard (D:7)
  12 adders
  2 shadow imps
  4 white imps
  3 ufetubi
  2 worms
  2 dart slugs
  5 orcs
  5 ball pythons
  6 bats
  7 endoplasms
  5 giant cockroaches
  8 goblins
  4 hobgoblins
  6 jackals (D:4)
  7 kobolds
  5 quokkas
  6 frilled lizards
  6 rats
118 creatures vanquished.

Vanquished Creatures (others)
  A wraith (D:7)
  3 vampire mosquitoes (D:7)
  A steam dragon (D:6)
  An orc warrior (D:7)
  2 black bears
  An ogre (D:4)
  A centaur (D:5)
  A phantom (D:6)
  A scorpion (D:6)
  An orc wizard (D:7)
  A frilled lizard (D:1)
14 creatures vanquished.

Grand Total: 136 creatures vanquished

Notes
Turn   | Place    | Note
-------+----------+-------------------------------------------
     0 | D:1      | avis the Felid Summoner began the quest for the Orb.
     0 | D:1      | Reached XP level 1. HP: 7/7 MP: 4/4
   247 | D:1      | Reached XP level 2. HP: 9/11 MP: 1/6
   295 | D:1      | Learned a level 2 spell: Call Imp
   845 | D:1      | Reached XP level 3. HP: 14/14 MP: 4/8
   850 | D:1      | Learned a level 3 spell: Call Canine Familiar
  1705 | D:2      | Found a faded altar of an unknown god.
  1866 | D:2      | Reached XP level 4. HP: 18/18 MP: 6/10
  1874 | D:2      | Learned a level 3 spell: Summon Guardian Golem
  2077 | D:3      | Found a sacrificial altar of Ru.
  2264 | D:3      | Noticed a kobold brigand
  2292 | D:3      | Killed a kobold brigand
  2293 | D:3      | Reached XP level 5. HP: 16/21 MP: 2/11
  2444 | D:3      | Reached skill level 1 in Fighting
  2819 | D:3      | Reached skill level 1 in Unarmed Combat
  3618 | D:4      | Noticed Blork the orc
  3619 | D:4      | Noticed an ogre
  3633 | D:4      | Killed Blork the orc
  3634 | D:4      | Gained mutation: You are covered in thick fur. (AC +2)
                  | [Felid growth]
  3634 | D:4      | Reached XP level 6. HP: 26/26 MP: 8/13
  3646 | D:4      | Reached skill level 5 in Summonings
  4099 | D:4      | Found a hide-covered altar of Uskayaw.
  4180 | D:5      | Entered Level 5 of the Dungeon
  4206 | D:4      | Reached XP level 7. HP: 20/30 MP: 5/14
  4516 | D:5      | Learned a level 4 spell: Summon Lightning Spire
  5284 | D:5      | Found Fyshry's Jewellery Shop.
  5706 | D:6      | Reached skill level 1 in Air Magic
  6021 | D:6      | Reached skill level 5 in Spellcasting
  6082 | D:6      | Found a staircase to the Ecumenical Temple.
  6296 | D:6      | Reached XP level 8. HP: 19/36 MP: 5/16
  6477 | D:6      | Noticed Menkaure
  6489 | D:6      | Killed Menkaure
  6490 | D:6      | Reached skill level 5 in Dodging
  6490 | D:6      | Reached skill level 5 in Hexes
  7404 | D:6      | Found the +11 Singing Sword {sonic wave}
  7450 | D:6      | Noticed Grinder
  7467 | D:6      | Killed Grinder
  7468 | D:6      | Reached skill level 5 in Fighting
  7601 | D:6      | Reached XP level 9. HP: 40/40 MP: 13/18
  7709 | Temple   | Entered the Ecumenical Temple
  7839 | Temple   | Became a worshipper of Gozag Ym Sagoz the Greedy
  7929 | D:6      | Upgraded the game from 0.31-a0-154-g56bf346678 to
                  | 0.31-a0-161-gb58dd9be76
  7932 | D:6      | Learned a level 2 spell: Blink
  8141 | D:7      | Noticed Maggie
  8454 | D:7      | Reached skill level 1 in Translocations
  8482 | D:7      | HP: 1/40 [vampire mosquito (8)]
  8482 | D:7      | Mangled by a vampire mosquito
  8483 | D:7      | Reached XP level 8. HP: -9/37 MP: 1/17
  8683 | D:7      | Slain by Maggie
  8684 | D:7      | Reached XP level 7. HP: -2/33 MP: 8/17
  8743 | D:7      | Killed a vampire mosquito
  8751 | D:7      | Killed a vampire mosquito
  8771 | D:7      | Killed a vampire mosquito
  8772 | D:7      | Reached XP level 8. HP: 37/37 MP: 14/18
  8961 | D:7      | Slain by a vampire mosquito

Illustrated notes

Levels and vault maps discovered:
D:1:      spicycebolla_green_bress_n_ham, layout_basic, st_stairs_8
D:2:      layout_basic, hellmonk_ecumenical_altar_pennies_from_heaven
D:3:      layout_basic, mainiacjoe_overflow_concentric_impassable
D:4:      layout_rooms, marbit_many_paths, uniq_blork_the_orc
D:5:      layout_cave_pods, serial_shops, shop
D:6:      old_forge, layout_gridville, minmay_temple_entry_statues_pillars,
          uniq_grinder, uniq_menkaure
D:7:      layout_basic, gammafunk_ghost_icy, uniq_maggie,
          uniq_crazy_yiuf_cottage
Temple:   minmay_crystal_spiral_temple

Skill      XL: |  1  2  3  4  5  6  7  8  9 |
---------------+----------------------------+-----
Spellcasting   | 3 4 5 6 |  6.2
Hexes          | 2 3 4 5 |  5.0
Fighting       | 2 4 5 |  5.5
Unarmed Combat | 1 |  1.0
Dodging        | 3 4 5 6 |  6.5
Stealth        | 3 |  3.0
Summonings     | 5 6 |  6.5
Air Magic      | 1 3 4 |  4.7
Translocations | 2 1 |  2.9

Action                     |  1- 3 |  4- 6 |  7- 9 || total
---------------------------+-------+-------+-------++-------
  Melee: Unarmed           |     1 |     5 |    15 ||    21
         Bite              |       |       |     5 ||     5
   Cast: Summon Small Mamm |    31 |    16 |     3 ||    50
         Call Imp          |    19 |    20 |    34 ||    73
         Call Canine Famil |       |    15 |    43 ||    58
         Summon Guardian G |       |     4 |    41 ||    45
         Summon Lightning  |       |       |     2 ||     2
         Blink             |       |       |     3 ||     3
  Evoke: Wand              |       |       |     2 ||     2
    Use: Scroll            |       |       |     7 ||     7
         Potion            |       |       |     5 ||     5
   Stab: Sleeping          |       |     1 |       ||     1
 Armour: Skin              |     2 |     4 |     5 ||    11
  Dodge: Dodged            |    11 |    11 |    70 ||    92

Table legend: (Time is in decaauts)
 A = Elapsed time spent in this place.
 B = Non-inter-level travel time spent in this place.
 C = Inter-level travel time spent in this place.
 D = Time resting spent in this place.
 E = Time spent auto-exploring this place.
 F = Levels seen in this place.
 G = Mean time per level.
                   A        B        C        D        E       F      G
               +--------+--------+--------+--------+--------+-----+--------+
         Total |   7906 |   7077 |    829 |   1858 |   2823 |   8 |  988.2 |
       Dungeon |   7730 |   6970 |    760 |   1858 |   2735 |   7 | 1104.3 |
        Temple |    175 |    107 |     68 |      0 |     88 |   1 |  175.0 |
               +--------+--------+--------+--------+--------+-----+--------+

Top non-repeatable levels by time:
     D:6: 2024 daAuts
     D:5: 1435 daAuts
     D:1: 1163 daAuts
     D:3: 1118 daAuts
     D:4: 792 daAuts
     D:2: 707 daAuts
     D:7: 489 daAuts
  Temple: 175 daAuts
